Flames vs Avalanche

Created - December 22 2010 at 18:06

Goals
1 2 3 T
Flames 0 0 1 1
Avalanche 2 2 1 5
Shots
1 2 3 T
Flames 6 6 10 22
Avalanche 18 10 12 40

Period #1

1. Avalanche , T.J. Galiardi 6 (Troy Brouwer, T.J. Oshie) at 5:30
2. Avalanche , Dustin Penner 6 (Tyler Bozak) at 5:34

Penalties :
Joe Corvo (COL) for Goalie Interference (Minor) at 2:44, Niclas Wallin (COL) for Roughing (Minor) at 2:49, Steve Downie (CGY) for Hooking (Minor) at 7:38, Brian Gionta (COL) for Hooking (Minor) at 8:43, Niclas Wallin (COL) for Holding (Minor) at 15:21

Period #2

3. Avalanche , Wojtek Wolski 8 (Mike Knuble, Vaclav Prospal) at 11:07
4. Avalanche , T.J. Oshie 7 (Troy Brouwer, T.J. Galiardi) at 18:45

Penalties :
Jack Johnson (CGY) for Holding (Minor) at 1:27, Niclas Wallin (COL) for Kneeing (Major) at 3:54, Steve Downie (CGY) for Charging (Minor) at 7:45, Steve Downie (CGY) for Tripping (Minor) at 12:30, Zach Bogosian (CGY) for Hooking (Minor) at 14:37

Period #3

5. Flames , Mike Fisher 15 (Mark Streit) at 0:09
6. Avalanche , Tyler Bozak 11 (Kyle Quincey, Brian Gionta) at 10:32

Penalties :
Dan Boyle (CGY) for Hooking (Minor) at 3:37, Mike Fisher (CGY) for Hooking (Minor) at 4:28, Vaclav Prospal (COL) for Holding Stick (Minor) at 12:40, T.J. Oshie (COL) for Hooking (Minor) at 12:47, Wade Redden (COL) for Fighting (Major) at 15:42, Steve Downie (CGY) for Fighting (Major) at 15:42, Mike Fisher (CGY) for Goalie Interference (Minor) at 16:52

Goalie Stats

Miikka Kiprusoff (CGY), 35 saves from 40 shots - (0.875), L, 15-9-2, 60:00 minutes
Antti Niemi (COL), 21 saves from 22 shots - (0.955), W, 10-7-1, 60:00 minutes

Players Stats

Flames
Player Name              G  A  P  +/- PIM S  H  SB FO    MP 
------------------------------------------------------------
Alex Steen               0  0  0   0  0   1  2  0  1/2   20 
Cody Mcleod              0  0  0  -2  0   0  4  0  0/1   16 
Dan Boyle                0  0  0   1  2   2  0  0  0/0   20 
Erik Johnson             0  0  0  -2  0   0  1  2  0/0   21 
Evgeni Malkin            0  0  0   0  0   5  1  0  0/1   20 
Jack Johnson             0  0  0  -3  2   1  2  0  0/0   19 
John Tavares             0  0  0  -2  0   6  0  0  14/25 19 
Josh Gorges              0  0  0  -1  0   0  1  4  0/0   18 
Marco Sturm              0  0  0  -2  0   0  0  0  1/2   19 
Mark Streit              0  1  1   0  0   2  2  1  0/0   23 
Matt Cullen              0  0  0  -2  0   2  0  0  14/27 16 
Maxim Lapierre           0  0  0  -2  0   0  1  0  2/4   7  
Mike Fisher              1  0  1   1  4   3  1  0  24/37 19 
Oskars Bartulis          0  0  0  -2  0   0  0  0  0/0   4  
Owen Nolan               0  0  0  -1  0   0  0  1  1/1   15 
Rob Schremp              0  0  0   0  0   0  0  0  0/0   0  
Steve Downie             0  0  0  -2  11  0  6  0  0/0   13 
Zach Bogosian            0  0  0  -1  2   0  2  1  0/0   15 
Avalanche
Player Name              G  A  P  +/- PIM S  H  SB FO    MP 
------------------------------------------------------------
Brian Gionta             0  1  1   1  2   8  1  0  3/6   16 
Carl Gunnarsson          0  0  0   1  0   3  1  2  0/0   23 
Dustin Penner            1  0  1   1  0   6  0  0  1/1   12 
Joe Corvo                0  0  0   1  2   0  1  0  0/0   21 
Kevin Klein              0  0  0   2  0   1  0  0  0/0   13 
Kris Versteeg            0  0  0   0  0   2  0  0  2/3   11 
Kyle Quincey             0  1  1   1  0   2  1  1  0/0   24 
Marcel Goc               0  0  0   0  0   1  0  0  6/13  9  
Mike Knuble              0  1  1   1  0   1  6  0  0/4   18 
Niclas Wallin            0  0  0   2  9   0  3  0  0/0   13 
T.J. Galiardi            1  1  2   2  0   2  1  0  11/19 16 
T.J. Oshie               1  1  2   2  2   1  0  0  0/2   15 
Todd White               0  0  0   0  0   1  0  0  0/1   10 
Troy Brouwer             0  2  2   2  0   3  2  0  2/3   14 
Tyler Bozak              1  1  2   1  0   5  1  0  5/23  14 
Vaclav Prospal           0  1  1   1  2   0  3  0  12/24 18 
Wade Redden              0  0  0   1  5   0  2  0  0/0   21 
Wojtek Wolski            1  0  1   1  0   4  1  0  1/1   16 

3 Stars

1 - T.J. Galiardi (COL)
2 - Tyler Bozak (COL)
3 - Troy Brouwer (COL)

Power Play

Flames - 0 on 7 Attempt(s) - 0.00%
Avalanche - 0 on 8 Attempt(s) - 0.00%

Penalty Kill

Flames - 8 on 8 Attempt(s) - 100.00% - Score 0 goal in Penalty Kill
Avalanche - 7 on 7 Attempt(s) - 100.00% - Score 0 goal in Penalty Kill

Game Notes

Wade Redden beats up Steve Downie at 15:42 of 3rd period

Finance

Level 1 -- Attendance: 6246 (96.09%) -- Ticket Income $562,140.00
Level 2 -- Attendance: 3627 (72.54%) -- Ticket Income $217,620.00
Level 3 -- Attendance: 3046 (87.03%) -- Ticket Income $106,610.00
Level 4 -- Attendance: 1802 (89.79%) -- Ticket Income $45,050.00
Luxury Box -- Attendance: 989 (98.90%) -- Ticket Income $187,910.00
Game was played at the Pepsi Center
Total Attendance: 15710 (87.24%)
Total Ticket Income: $1,202,509.00
Other Income: $183,786.60
Total Income: $1,386,296.00


Play by Play

Period #1

0:01 of 1st period - Mike Fisher wins face-off versus Tyler Bozak in neutral zone.
0:08 of 1st period - Shot by Evgeni Malkin.
0:08 of 1st period - Stopped by Antti Niemi without a rebound.
0:09 of 1st period - Vaclav Prospal wins face-off versus John Tavares in Avalanche zone.
0:14 of 1st period - Shot by Vaclav Prospal.
0:14 of 1st period - Shot Blocked by Owen Nolan.
1:01 of 1st period - Steve Downie is hit by Wade Redden.
1:24 of 1st period - Shot by Dustin Penner.
1:24 of 1st period - Stopped by Miikka Kiprusoff without a rebound.
1:25 of 1st period - T.J. Galiardi wins face-off versus Mike Fisher in Flames zone.
1:32 of 1st period - Shot by Troy Brouwer.
1:32 of 1st period - Stopped by Miikka Kiprusoff with a rebound.
1:34 of 1st period - Shot by T.J. Galiardi.
1:34 of 1st period - Shot Blocked by Mark Streit.
1:36 of 1st period - Shot by Kevin Klein.
1:36 of 1st period - Shot Misses the Net.
1:38 of 1st period - Shot by Kevin Klein.
1:38 of 1st period - Stopped by Miikka Kiprusoff with a rebound.
1:40 of 1st period - Shot by Troy Brouwer.
1:40 of 1st period - Stopped by Miikka Kiprusoff without a rebound.
1:41 of 1st period - Matt Cullen wins face-off versus Marcel Goc in Flames zone.
1:48 of 1st period - Kyle Quincey is hit by Cody Mcleod.
2:14 of 1st period - Icing by Todd White.
2:15 of 1st period - Mike Fisher wins face-off versus Todd White in Avalanche zone.
2:16 of 1st period - Shot by Alex Steen.
2:16 of 1st period - Shot Misses the Net.
2:19 of 1st period - Icing by Kyle Quincey.
2:20 of 1st period - Kris Versteeg wins face-off versus Mike Fisher in Avalanche zone.
2:42 of 1st period - Evgeni Malkin is hit by Carl Gunnarsson and loses puck.
2:44 of 1st period - Minor Penalty to Joe Corvo for Goalie Interference.
2:45 of 1st period - Mike Fisher wins face-off versus Marcel Goc in Avalanche zone.
2:49 of 1st period - Minor Penalty to Niclas Wallin for Roughing.
2:50 of 1st period - Vaclav Prospal wins face-off versus John Tavares in Avalanche zone.
2:56 of 1st period - Icing by Mark Streit.
2:57 of 1st period - John Tavares wins face-off versus Vaclav Prospal in Flames zone.
2:57 of 1st period - John Tavares is hit by Vaclav Prospal.
3:09 of 1st period - Kyle Quincey is hit by Alex Steen and loses puck.
3:16 of 1st period - Shot by John Tavares.
3:16 of 1st period - Stopped by Antti Niemi with a rebound.
3:22 of 1st period - Shot by Evgeni Malkin.
3:22 of 1st period - Shot Misses the Net.
3:24 of 1st period - Shot by Dan Boyle.
3:24 of 1st period - Shot Blocked by Carl Gunnarsson.
4:07 of 1st period - Shot by Erik Johnson.
4:07 of 1st period - Shot Misses the Net.
4:39 of 1st period - Shot by Mark Streit.
4:39 of 1st period - Stopped by Antti Niemi without a rebound.
4:40 of 1st period - Mike Fisher wins face-off versus Brian Gionta in Avalanche zone.
4:50 of 1st period - Icing by Joe Corvo.
4:51 of 1st period - Maxim Lapierre wins face-off versus T.J. Oshie in Avalanche zone.
4:53 of 1st period - John Tavares is hit by Niclas Wallin and loses puck.
5:03 of 1st period - T.J. Galiardi is hit by Zach Bogosian and loses puck.
5:11 of 1st period - T.J. Oshie is hit by Zach Bogosian and loses puck.
5:30 of 1st period - Shot by T.J. Galiardi.
5:30 of 1st period - Goal by T.J. Galiardi - Flames : 0 - Avalanche : 1.
5:31 of 1st period - Tyler Bozak wins face-off versus Matt Cullen in neutral zone.
5:34 of 1st period - Shot by Dustin Penner.
5:34 of 1st period - Goal by Dustin Penner - Flames : 0 - Avalanche : 2.
5:35 of 1st period - Matt Cullen wins face-off versus Tyler Bozak in neutral zone.
5:46 of 1st period - Shot by Brian Gionta.
5:46 of 1st period - Shot Misses the Net.
5:48 of 1st period - Shot by Dustin Penner.
5:48 of 1st period - Shot Misses the Net.
5:50 of 1st period - Shot by Tyler Bozak.
5:50 of 1st period - Stopped by Miikka Kiprusoff without a rebound.
5:51 of 1st period - Alex Steen wins face-off versus Vaclav Prospal in Flames zone.
6:02 of 1st period - Dan Boyle is hit by Mike Knuble and loses puck.
7:03 of 1st period - Shot by Troy Brouwer.
7:03 of 1st period - Stopped by Miikka Kiprusoff without a rebound.
7:04 of 1st period - Owen Nolan wins face-off versus Tyler Bozak in Flames zone.
7:04 of 1st period - Owen Nolan is hit by Brian Gionta.
7:35 of 1st period - Shot by Steve Downie.
7:35 of 1st period - Shot Blocked by Kyle Quincey.
7:38 of 1st period - Minor Penalty to Steve Downie for Hooking.
7:39 of 1st period - Matt Cullen wins face-off versus Tyler Bozak in Flames zone.
7:50 of 1st period - Icing by Carl Gunnarsson.
7:51 of 1st period - Mike Fisher wins face-off versus Tyler Bozak in Avalanche zone.
8:43 of 1st period - Minor Penalty to Brian Gionta for Hooking.
8:44 of 1st period - Mike Fisher wins face-off versus Troy Brouwer in Avalanche zone.
8:44 of 1st period - Mike Fisher is hit by Wade Redden.
9:04 of 1st period - Icing by Alex Steen.
9:05 of 1st period - Mike Fisher wins face-off versus Mike Knuble in Flames zone.
9:07 of 1st period - Icing by Jack Johnson.
9:08 of 1st period - Mike Fisher wins face-off versus Mike Knuble in Flames zone.
9:23 of 1st period - Shot by Mike Knuble.
9:23 of 1st period - Shot Blocked by Erik Johnson.
9:32 of 1st period - Shot by Mike Knuble.
9:32 of 1st period - Shot Misses the Net.
9:34 of 1st period - Shot by Tyler Bozak.
9:34 of 1st period - Stopped by Miikka Kiprusoff without a rebound.
9:35 of 1st period - Troy Brouwer wins face-off versus John Tavares in Flames zone.
9:40 of 1st period - Shot by Troy Brouwer.
9:40 of 1st period - Shot Misses the Net.
9:51 of 1st period - Off-side.
9:52 of 1st period - John Tavares wins face-off versus T.J. Galiardi in neutral zone.
10:19 of 1st period - Shot by John Tavares.
10:19 of 1st period - Stopped by Antti Niemi without a rebound.
10:20 of 1st period - Mike Fisher wins face-off versus Marcel Goc in Avalanche zone.
10:21 of 1st period - Shot by Jack Johnson.
10:21 of 1st period - Shot Misses the Net.
10:23 of 1st period - Shot by Jack Johnson.
10:23 of 1st period - Stopped by Antti Niemi without a rebound.
10:24 of 1st period - Mike Fisher wins face-off versus Marcel Goc in Avalanche zone.
10:25 of 1st period - Shot by Jack Johnson.
10:25 of 1st period - Shot Misses the Net.
11:05 of 1st period - Off-side.
11:06 of 1st period - Matt Cullen wins face-off versus Tyler Bozak in neutral zone.
11:44 of 1st period - Icing by Kyle Quincey.
11:45 of 1st period - Mike Fisher wins face-off versus Tyler Bozak in Avalanche zone.
11:51 of 1st period - Icing by Tyler Bozak.
11:52 of 1st period - Dustin Penner wins face-off versus Mike Fisher in Avalanche zone.
12:11 of 1st period - Shot by Evgeni Malkin.
12:11 of 1st period - Deflect By Alex Steen.
12:11 of 1st period - Shot Misses the Net.
12:13 of 1st period - Shot by Mike Fisher.
12:13 of 1st period - Shot Misses the Net.
12:15 of 1st period - Shot by Mike Fisher.
12:15 of 1st period - Deflect By Evgeni Malkin.
12:15 of 1st period - Shot Misses the Net.
12:17 of 1st period - Shot by Dan Boyle.
12:17 of 1st period - Shot Misses the Net.
12:19 of 1st period - Shot by Mike Fisher.
12:19 of 1st period - Stopped by Antti Niemi without a rebound.
12:20 of 1st period - John Tavares wins face-off versus T.J. Oshie in Avalanche zone.
12:24 of 1st period - Icing by Kevin Klein.
12:25 of 1st period - John Tavares wins face-off versus T.J. Galiardi in Avalanche zone.
12:39 of 1st period - Icing by Niclas Wallin.
12:40 of 1st period - Matt Cullen wins face-off versus T.J. Galiardi in Avalanche zone.
13:09 of 1st period - T.J. Oshie is hit by Jack Johnson and loses puck.
13:19 of 1st period - Off-side.
13:20 of 1st period - Mike Fisher wins face-off versus Vaclav Prospal in neutral zone.
13:36 of 1st period - Evgeni Malkin is hit by Joe Corvo and loses puck.
14:25 of 1st period - Shot by Brian Gionta.
14:25 of 1st period - Stopped by Miikka Kiprusoff without a rebound.
14:26 of 1st period - Marcel Goc wins face-off versus Matt Cullen in Flames zone.
14:53 of 1st period - Shot by Kris Versteeg.
14:53 of 1st period - Stopped by Miikka Kiprusoff with a rebound.
15:03 of 1st period - Shot by Kris Versteeg.
15:03 of 1st period - Stopped by Miikka Kiprusoff without a rebound.
15:04 of 1st period - T.J. Galiardi wins face-off versus John Tavares in Flames zone.
15:05 of 1st period - Shot by T.J. Oshie.
15:05 of 1st period - Shot Misses the Net.
15:21 of 1st period - Minor Penalty to Niclas Wallin for Holding.
15:22 of 1st period - Marcel Goc wins face-off versus John Tavares in Avalanche zone.
15:22 of 1st period - Marcel Goc is hit by Alex Steen.
15:52 of 1st period - Icing by Mark Streit.
15:53 of 1st period - John Tavares wins face-off versus Marcel Goc in Flames zone.
16:29 of 1st period - Icing by Mike Fisher.
16:30 of 1st period - T.J. Galiardi wins face-off versus Mike Fisher in Flames zone.
17:30 of 1st period - Zach Bogosian is hit by Troy Brouwer.
17:48 of 1st period - Shot by Troy Brouwer.
17:48 of 1st period - Shot Blocked by Josh Gorges.
17:52 of 1st period - Shot by Brian Gionta.
17:52 of 1st period - Stopped by Miikka Kiprusoff with a rebound.
17:54 of 1st period - Shot by Kevin Klein.
17:54 of 1st period - Deflect By Troy Brouwer.
17:54 of 1st period - Shot Blocked by Josh Gorges.
17:56 of 1st period - Shot by Brian Gionta.
17:56 of 1st period - Stopped by Miikka Kiprusoff without a rebound.
17:57 of 1st period - Vaclav Prospal wins face-off versus Marco Sturm in Flames zone.
18:00 of 1st period - Shot by Wojtek Wolski.
18:00 of 1st period - Stopped by Miikka Kiprusoff without a rebound.
18:01 of 1st period - Matt Cullen wins face-off versus Vaclav Prospal in Flames zone.
18:08 of 1st period - Shot by Mike Knuble.
18:08 of 1st period - Stopped by Miikka Kiprusoff without a rebound.
18:09 of 1st period - Tyler Bozak wins face-off versus Alex Steen in Flames zone.
18:13 of 1st period - Dustin Penner is hit by Mark Streit and loses puck.
18:18 of 1st period - Shot by Tyler Bozak.
18:18 of 1st period - Stopped by Miikka Kiprusoff with a rebound.
18:20 of 1st period - Shot by Kyle Quincey.
18:20 of 1st period - Stopped by Miikka Kiprusoff without a rebound.
18:21 of 1st period - Matt Cullen wins face-off versus Vaclav Prospal in Flames zone.
18:21 of 1st period - Matt Cullen is hit by Mike Knuble.
18:40 of 1st period - Icing by Carl Gunnarsson.
18:41 of 1st period - Vaclav Prospal wins face-off versus Mike Fisher in Avalanche zone.
19:33 of 1st period - Wojtek Wolski is hit by Steve Downie and loses puck.
19:49 of 1st period - Icing by Zach Bogosian.
19:50 of 1st period - John Tavares wins face-off versus T.J. Galiardi in Flames zone.

Period #2

0:01 of 2nd period - Mike Fisher wins face-off versus Tyler Bozak in neutral zone.
0:39 of 2nd period - Shot by Mike Fisher.
0:39 of 2nd period - Stopped by Antti Niemi without a rebound.
0:40 of 2nd period - Vaclav Prospal wins face-off versus John Tavares in Avalanche zone.
1:03 of 2nd period - Shot by Mike Knuble.
1:03 of 2nd period - Shot Blocked by Josh Gorges.
1:07 of 2nd period - Shot by Mike Knuble.
1:07 of 2nd period - Deflect By Vaclav Prospal.
1:07 of 2nd period - Shot Misses the Net.
1:09 of 2nd period - Shot by Joe Corvo.
1:09 of 2nd period - Shot Misses the Net.
1:11 of 2nd period - Shot by Wojtek Wolski.
1:11 of 2nd period - Stopped by Miikka Kiprusoff without a rebound.
1:12 of 2nd period - T.J. Galiardi wins face-off versus Cody Mcleod in Flames zone.
1:16 of 2nd period - T.J. Galiardi is hit by Erik Johnson and loses puck.
1:23 of 2nd period - T.J. Oshie is hit by Jack Johnson and loses puck.
1:27 of 2nd period - Minor Penalty to Jack Johnson for Holding.
1:28 of 2nd period - Vaclav Prospal wins face-off versus Matt Cullen in Flames zone.
2:04 of 2nd period - Icing by Kyle Quincey.
2:05 of 2nd period - Vaclav Prospal wins face-off versus Matt Cullen in Avalanche zone.
2:05 of 2nd period - Vaclav Prospal is hit by Cody Mcleod.
2:33 of 2nd period - Shot by Tyler Bozak.
2:33 of 2nd period - Shot Blocked by Josh Gorges.
2:35 of 2nd period - Shot by Carl Gunnarsson.
2:35 of 2nd period - Stopped by Miikka Kiprusoff without a rebound.
2:36 of 2nd period - Matt Cullen wins face-off versus Tyler Bozak in Flames zone.
3:29 of 2nd period - Shot by T.J. Oshie.
3:29 of 2nd period - Shot Misses the Net.
3:50 of 2nd period - Alex Steen is hit by Niclas Wallin and loses puck.
3:54 of 2nd period - Major Penalty to Niclas Wallin for Kneeing.
3:55 of 2nd period - T.J. Galiardi wins face-off versus Mike Fisher in Avalanche zone.
5:01 of 2nd period - Shot by Alex Steen.
5:01 of 2nd period - Deflect By Evgeni Malkin.
5:01 of 2nd period - Stopped by Antti Niemi with a rebound.
5:05 of 2nd period - Shot by Evgeni Malkin.
5:05 of 2nd period - Deflect By John Tavares.
5:05 of 2nd period - Stopped by Antti Niemi without a rebound.
5:06 of 2nd period - John Tavares wins face-off versus T.J. Galiardi in Avalanche zone.
5:07 of 2nd period - Shot by Mark Streit.
5:07 of 2nd period - Stopped by Antti Niemi without a rebound.
5:08 of 2nd period - T.J. Galiardi wins face-off versus Evgeni Malkin in Avalanche zone.
7:08 of 2nd period - Icing by Mike Fisher.
7:09 of 2nd period - Mike Fisher wins face-off versus T.J. Galiardi in Flames zone.
7:44 of 2nd period - Marcel Goc is hit by Steve Downie.
7:45 of 2nd period - Minor Penalty to Steve Downie for Charging.
7:46 of 2nd period - Brian Gionta wins face-off versus Maxim Lapierre in Flames zone.
8:33 of 2nd period - Shot by Alex Steen.
8:33 of 2nd period - Stopped by Antti Niemi without a rebound.
8:34 of 2nd period - John Tavares wins face-off versus Mike Knuble in Avalanche zone.
8:55 of 2nd period - Shot by Carl Gunnarsson.
8:55 of 2nd period - Deflect By Dustin Penner.
8:55 of 2nd period - Stopped by Miikka Kiprusoff without a rebound.
8:56 of 2nd period - Vaclav Prospal wins face-off versus Matt Cullen in Flames zone.
10:04 of 2nd period - Shot by John Tavares.
10:04 of 2nd period - Stopped by Antti Niemi with a rebound.
10:52 of 2nd period - Vaclav Prospal is hit by Maxim Lapierre.
10:55 of 2nd period - Mike Knuble is hit by Evgeni Malkin and loses puck.
11:00 of 2nd period - Maxim Lapierre is hit by Mike Knuble and loses puck.
11:07 of 2nd period - Shot by Wojtek Wolski.
11:07 of 2nd period - Goal by Wojtek Wolski - Flames : 0 - Avalanche : 3.
11:08 of 2nd period - Marcel Goc wins face-off versus Matt Cullen in neutral zone.
11:11 of 2nd period - Shot by Kyle Quincey.
11:11 of 2nd period - Stopped by Miikka Kiprusoff with a rebound.
12:30 of 2nd period - Minor Penalty to Steve Downie for Tripping.
12:31 of 2nd period - Tyler Bozak wins face-off versus Mike Fisher in Flames zone.
12:38 of 2nd period - Shot by Carl Gunnarsson.
12:38 of 2nd period - Stopped by Miikka Kiprusoff without a rebound.
12:39 of 2nd period - Matt Cullen wins face-off versus Tyler Bozak in Flames zone.
12:45 of 2nd period - Icing by Mike Knuble.
12:46 of 2nd period - Matt Cullen wins face-off versus Tyler Bozak in Avalanche zone.
12:55 of 2nd period - Shot by Carl Gunnarsson.
12:55 of 2nd period - Stopped by Miikka Kiprusoff without a rebound.
12:56 of 2nd period - Tyler Bozak wins face-off versus Mike Fisher in Flames zone.
13:06 of 2nd period - Off-side.
13:07 of 2nd period - Matt Cullen wins face-off versus Mike Knuble in neutral zone.
14:19 of 2nd period - Icing by Wojtek Wolski.
14:20 of 2nd period - Wojtek Wolski wins face-off versus Matt Cullen in Avalanche zone.
14:37 of 2nd period - Minor Penalty to Zach Bogosian for Hooking.
14:38 of 2nd period - Mike Fisher wins face-off versus Vaclav Prospal in Flames zone.
14:51 of 2nd period - Cody Mcleod is hit by Vaclav Prospal and loses puck.
17:32 of 2nd period - Shot by Marcel Goc.
17:32 of 2nd period - Stopped by Miikka Kiprusoff without a rebound.
17:33 of 2nd period - John Tavares wins face-off versus Tyler Bozak in Flames zone.
17:33 of 2nd period - John Tavares is hit by Tyler Bozak.
18:33 of 2nd period - Shot by Todd White.
18:33 of 2nd period - Stopped by Miikka Kiprusoff without a rebound.
18:34 of 2nd period - T.J. Galiardi wins face-off versus Matt Cullen in Flames zone.
18:41 of 2nd period - Shot by Troy Brouwer.
18:41 of 2nd period - Shot Misses the Net.
18:45 of 2nd period - Shot by T.J. Oshie.
18:45 of 2nd period - Goal by T.J. Oshie - Flames : 0 - Avalanche : 4.
18:46 of 2nd period - T.J. Galiardi wins face-off versus Mike Fisher in neutral zone.
18:54 of 2nd period - Off-side.
18:55 of 2nd period - Marco Sturm wins face-off versus Vaclav Prospal in neutral zone.
19:10 of 2nd period - Matt Cullen is hit by Vaclav Prospal and loses puck.
19:23 of 2nd period - Shot by Mike Knuble.
19:23 of 2nd period - Shot Blocked by Erik Johnson.
19:33 of 2nd period - T.J. Galiardi is hit by Cody Mcleod and loses puck.

Period #3

0:01 of 3rd period - Mike Fisher wins face-off versus Tyler Bozak in neutral zone.
0:09 of 3rd period - Shot by Mike Fisher.
0:09 of 3rd period - Goal by Mike Fisher - Flames : 1 - Avalanche : 4.
0:10 of 3rd period - John Tavares wins face-off versus Vaclav Prospal in neutral zone.
0:15 of 3rd period - Shot by Steve Downie.
0:15 of 3rd period - Shot Misses the Net.
0:44 of 3rd period - Shot by Steve Downie.
0:44 of 3rd period - Deflect By John Tavares.
0:44 of 3rd period - Stopped by Antti Niemi without a rebound.
0:45 of 3rd period - Mike Fisher wins face-off versus Tyler Bozak in Avalanche zone.
0:45 of 3rd period - Mike Fisher is hit by Kyle Quincey.
0:57 of 3rd period - Shot by Dustin Penner.
0:57 of 3rd period - Stopped by Miikka Kiprusoff without a rebound.
0:58 of 3rd period - T.J. Galiardi wins face-off versus Matt Cullen in Flames zone.
1:16 of 3rd period - Shot by Marco Sturm.
1:16 of 3rd period - Shot Misses the Net.
1:20 of 3rd period - Shot by Matt Cullen.
1:20 of 3rd period - Shot Misses the Net.
1:24 of 3rd period - Shot by Matt Cullen.
1:24 of 3rd period - Stopped by Antti Niemi without a rebound.
1:25 of 3rd period - Brian Gionta wins face-off versus Mike Fisher in Avalanche zone.
1:36 of 3rd period - Shot by Dustin Penner.
1:36 of 3rd period - Shot Misses the Net.
1:50 of 3rd period - Shot by Mike Fisher.
1:50 of 3rd period - Deflect By Evgeni Malkin.
1:50 of 3rd period - Stopped by Antti Niemi without a rebound.
1:51 of 3rd period - Vaclav Prospal wins face-off versus John Tavares in Avalanche zone.
2:12 of 3rd period - Shot by Wojtek Wolski.
2:12 of 3rd period - Shot Misses the Net.
2:14 of 3rd period - Shot by Vaclav Prospal.
2:14 of 3rd period - Shot Misses the Net.
2:16 of 3rd period - Shot by Joe Corvo.
2:16 of 3rd period - Shot Blocked by Zach Bogosian.
2:18 of 3rd period - Shot by Mike Knuble.
2:18 of 3rd period - Deflect By Vaclav Prospal.
2:18 of 3rd period - Shot Misses the Net.
2:24 of 3rd period - Shot by Wojtek Wolski.
2:24 of 3rd period - Stopped by Miikka Kiprusoff without a rebound.
2:25 of 3rd period - T.J. Galiardi wins face-off versus Matt Cullen in Flames zone.
3:05 of 3rd period - Shot by T.J. Galiardi.
3:05 of 3rd period - Stopped by Miikka Kiprusoff without a rebound.
3:06 of 3rd period - Mike Fisher wins face-off versus Tyler Bozak in Flames zone.
3:19 of 3rd period - Shot by Alex Steen.
3:19 of 3rd period - Shot Misses the Net.
3:24 of 3rd period - Brian Gionta is hit by Mike Fisher and loses puck.
3:37 of 3rd period - Minor Penalty to Dan Boyle for Hooking.
3:38 of 3rd period - Mike Fisher wins face-off versus Tyler Bozak in Flames zone.
4:16 of 3rd period - Wojtek Wolski is hit by Josh Gorges and loses puck.
4:28 of 3rd period - Minor Penalty to Mike Fisher for Hooking.
4:29 of 3rd period - John Tavares wins face-off versus Vaclav Prospal in Flames zone.
5:19 of 3rd period - Off-side.
5:20 of 3rd period - Tyler Bozak wins face-off versus Matt Cullen in neutral zone.
5:41 of 3rd period - Steve Downie is hit by Mike Knuble and loses puck.
6:08 of 3rd period - Shot by Dustin Penner.
6:08 of 3rd period - Stopped by Miikka Kiprusoff without a rebound.
6:09 of 3rd period - Vaclav Prospal wins face-off versus John Tavares in Flames zone.
6:45 of 3rd period - Shot by Evgeni Malkin.
6:45 of 3rd period - Stopped by Antti Niemi without a rebound.
6:46 of 3rd period - T.J. Galiardi wins face-off versus Maxim Lapierre in Avalanche zone.
8:45 of 3rd period - Matt Cullen is hit by Mike Knuble and loses puck.
8:54 of 3rd period - Matt Cullen is hit by Wojtek Wolski and loses puck.
8:58 of 3rd period - Erik Johnson is hit by Mike Knuble and loses puck.
9:14 of 3rd period - Wojtek Wolski is hit by Steve Downie and loses puck.
9:18 of 3rd period - Mike Knuble is hit by Steve Downie and loses puck.
9:38 of 3rd period - Mark Streit is hit by Troy Brouwer and loses puck.
9:58 of 3rd period - T.J. Oshie is hit by Mark Streit.
10:08 of 3rd period - Tyler Bozak is hit by Steve Downie.
10:24 of 3rd period - Shot by Brian Gionta.
10:24 of 3rd period - Stopped by Miikka Kiprusoff with a rebound.
10:28 of 3rd period - Shot by Brian Gionta.
10:28 of 3rd period - Stopped by Miikka Kiprusoff with a rebound.
10:32 of 3rd period - Shot by Tyler Bozak.
10:32 of 3rd period - Goal by Tyler Bozak - Flames : 1 - Avalanche : 5.
10:33 of 3rd period - Matt Cullen wins face-off versus Kris Versteeg in neutral zone.
11:11 of 3rd period - Icing by Kris Versteeg.
11:12 of 3rd period - Kris Versteeg wins face-off versus Mike Fisher in Avalanche zone.
11:18 of 3rd period - Off-side.
11:19 of 3rd period - Mike Fisher wins face-off versus T.J. Galiardi in neutral zone.
11:43 of 3rd period - Icing by T.J. Galiardi.
11:44 of 3rd period - John Tavares wins face-off versus T.J. Galiardi in Avalanche zone.
11:51 of 3rd period - Shot by John Tavares.
11:51 of 3rd period - Stopped by Antti Niemi without a rebound.
11:52 of 3rd period - Matt Cullen wins face-off versus Vaclav Prospal in Avalanche zone.
12:05 of 3rd period - Shot by Marco Sturm.
12:05 of 3rd period - Shot Misses the Net.
12:07 of 3rd period - Shot by Cody Mcleod.
12:07 of 3rd period - Shot Misses the Net.
12:11 of 3rd period - Shot by Matt Cullen.
12:11 of 3rd period - Stopped by Antti Niemi without a rebound.
12:12 of 3rd period - John Tavares wins face-off versus Tyler Bozak in Avalanche zone.
12:35 of 3rd period - Shot by Brian Gionta.
12:35 of 3rd period - Deflect By Tyler Bozak.
12:35 of 3rd period - Stopped by Miikka Kiprusoff without a rebound.
12:36 of 3rd period - Mike Fisher wins face-off versus Vaclav Prospal in Flames zone.
12:40 of 3rd period - Minor Penalty to Vaclav Prospal for Holding Stick.
12:41 of 3rd period - Marcel Goc wins face-off versus Mike Fisher in Avalanche zone.
12:47 of 3rd period - Minor Penalty to T.J. Oshie for Hooking.
12:48 of 3rd period - Brian Gionta wins face-off versus John Tavares in Avalanche zone.
13:09 of 3rd period - Shot by Dan Boyle.
13:09 of 3rd period - Stopped by Antti Niemi without a rebound.
13:10 of 3rd period - Mike Fisher wins face-off versus Brian Gionta in Avalanche zone.
13:31 of 3rd period - Shot by Mike Fisher.
13:31 of 3rd period - Shot Blocked by Carl Gunnarsson.
14:15 of 3rd period - Shot by Dan Boyle.
14:15 of 3rd period - Stopped by Antti Niemi without a rebound.
14:16 of 3rd period - Mike Fisher wins face-off versus Brian Gionta in Avalanche zone.
14:17 of 3rd period - Shot by Marco Sturm.
14:17 of 3rd period - Shot Misses the Net.
14:52 of 3rd period - Evgeni Malkin is hit by Niclas Wallin and loses puck.
15:07 of 3rd period - Shot by Evgeni Malkin.
15:07 of 3rd period - Stopped by Antti Niemi with a rebound.
15:10 of 3rd period - Icing by Niclas Wallin.
15:11 of 3rd period - Troy Brouwer wins face-off versus John Tavares in Avalanche zone.
15:11 of 3rd period - Troy Brouwer is hit by Steve Downie.
15:17 of 3rd period - Steve Downie is hit by T.J. Galiardi and loses puck.
15:42 of 3rd period - Wade Redden beats up Steve Downie.
15:42 of 3rd period - Penalty to Wade Redden for Fighting.
15:42 of 3rd period - Penalty to Steve Downie for Fighting.
15:43 of 3rd period - Marcel Goc wins face-off versus Mike Fisher in Flames zone.
16:03 of 3rd period - Icing by Carl Gunnarsson.
16:04 of 3rd period - Marcel Goc wins face-off versus Matt Cullen in Avalanche zone.
16:04 of 3rd period - Todd White is hit by Cody Mcleod and loses puck.
16:13 of 3rd period - Icing by Kris Versteeg.
16:14 of 3rd period - Matt Cullen wins face-off versus Marcel Goc in Avalanche zone.
16:22 of 3rd period - Icing by Carl Gunnarsson.
16:23 of 3rd period - Mike Fisher wins face-off versus Marcel Goc in Avalanche zone.
16:52 of 3rd period - Minor Penalty to Mike Fisher for Goalie Interference.
16:53 of 3rd period - Vaclav Prospal wins face-off versus Matt Cullen in Flames zone.
17:10 of 3rd period - Shot by Dustin Penner.
17:10 of 3rd period - Deflect By Brian Gionta.
17:10 of 3rd period - Stopped by Miikka Kiprusoff with a rebound.
17:12 of 3rd period - Shot by Joe Corvo.
17:12 of 3rd period - Deflect By Brian Gionta.
17:12 of 3rd period - Stopped by Miikka Kiprusoff without a rebound.
17:13 of 3rd period - John Tavares wins face-off versus Tyler Bozak in Flames zone.
18:10 of 3rd period - Shot by Dustin Penner.
18:10 of 3rd period - Stopped by Miikka Kiprusoff without a rebound.
18:11 of 3rd period - Vaclav Prospal wins face-off versus John Tavares in Flames zone.
18:32 of 3rd period - Shot by Brian Gionta.
18:32 of 3rd period - Shot Misses the Net.
18:34 of 3rd period - Shot by Brian Gionta.
18:34 of 3rd period - Stopped by Miikka Kiprusoff without a rebound.
18:35 of 3rd period - Maxim Lapierre wins face-off versus Vaclav Prospal in Flames zone.


Output by the SimonT Hockey Simulator (STHS) for Stephane Roy -- Original Page W3C XHTML 1.0 Valid